 Dungeon Crawl Stone Soup version 0.28-a0-1395-g4f6bc678fa (webtiles) character file.

Game seed: 12642452663644265274

146 Deminshera the Grave Robber (level 5, -3/46 HPs)
             Began as a Hill Orc Wanderer on Jan 4, 2022.
             Slain by Sigmund (16 damage)
             ... on level 3 of the Dungeon.
             The game lasted 00:04:20 (3955 turns).

Deminshera the Grave Robber (Hill Orc Wanderer)     Turns: 3955, Time: 00:04:21

Health: -3/46      AC:  5    Str: 19    XL:     5   Next: 28%
Magic:  8/8        EV: 11    Int: 17    God:
Gold:   68         SH:  0    Dex:  7    Spells: 7/8 levels left

rFire   . . .      SeeInvis .   g - +1 short sword (venom)
rCold   . . .      Faith    .   (no shield)
rNeg    + . .      Spirit   .   k - +2 leather armour of Amelioration {Fly rN+ Int+4}
rPois   .          Reflect  .   (no helmet)
rElec   .          Harm     .   (no cloak)
rCorr   .          Rampage  .   (no gloves)
Will    .....                   (no boots)
Stlth   ..........              (no amulet)
HPRegen 0.15/turn               c - ring of wizardry
MPRegen 0.11/turn               (no ring)

@: confused, ambrosia-drunk, flying
A: no striking features
a: no special abilities


You were on level 3 of the Dungeon.
You visited 1 branch of the dungeon, and saw 3 of its levels.

You collected 68 gold pieces.

Inventory:

Hand Weapons
 g - a +1 short sword of venom (weapon)
Armour
 k - the +2 leather armour of Amelioration (worn) {Fly rN+ Int+4}
   (You found it on level 2 of the Dungeon)

   Int:       It affects your intelligence (+4).
   rN:        It protects you from negative energy.
   Fly:       It grants you flight.
Jewellery
 c - a ring of wizardry (left hand)
 n - a ring of fire
Wands
 j - a wand of mindburst (15)
Scrolls
 a - 4 scrolls of identify {unknown}
 h - a scroll of fog {unknown}
 i - a scroll of noise {unknown}
 m - a scroll of blinking {unknown}
 q - a scroll of teleportation {unknown}
Potions
 d - 2 potions of attraction
 e - a potion of haste {unknown}
 f - a potion of mutation {unknown}
 l - a potion of heal wounds {unknown}
 o - a potion of lignification


   Skills:
 + Level 4.0 Fighting
 - Level 2.0 Armour
 - Level 2.0 Dodging
 - Level 1.1 Unarmed Combat
 - Level 2.0 Spellcasting
 - Level 4.0 Necromancy


You had 7 spell levels left.
You knew the following spells:

 Your Spells              Type           Power      Damage    Failure   Level
a - Pain                  Necr           60%        1d7       1%          1

Your spell library contained the following spells:

 Spells                   Type           Power      Damage    Failure   Level
 Sublimation of Blood     Necr           15%        N/A       2%          2
 Magic Dart               Conj           4%         1d3       9%          1
 Call Imp                 Summ           1%         N/A       14%         2
 Ensorcelled Hibernation  Hex/Ice        2%         N/A       14%         2
 Animate Dead             Necr           7%         N/A       17%         4
 Mephitic Cloud           Conj/Pois/Air  1%         N/A       26%         3
 Tukima's Dance           Hex            1%         N/A       26%         3
 Enfeeble                 Hex            0%         N/A       100%        7


Dungeon Overview and Level Annotations

Branches:
Dungeon (3/15)

Altars:
Okawaru

Shops:
D:2 =((

Annotations:
D:3 Sigmund


Message History

Sigmund writhes in agony.
Sigmund writhes in agony.
Sigmund gestures at you while chanting.
You are confused.
You're too confused to cast spells.
You feel better. Sigmund barely misses you.
Sigmund mumbles some strange words.
Sigmund flickers and vanishes!
Deactivating autopickup; reactivate with Ctrl-A.
There is an open door here.
You barely miss something. Something hits you. Something burns you.
You barely miss something. You miss something. Something hits you.
Something burns you.
You barely miss something. Something hits you! Something burns you.
You closely miss something.
You hear some strange, mumbled words.
Something tries to affect you, but you resist.
You hit something. Something hits you. Something burns you.
You barely miss something. You closely miss something. Something hits you.
Something burns you.
You hit something but do no damage. Something hits you! Something burns you.
You completely miss something. Something hits you!
* * * LOW HITPOINT WARNING * * *
Something burns you.
* * * LOW HITPOINT WARNING * * *
You hit something but do no damage. You miss something.
You hear some strange, mumbled words.
You are confused.
It was a potion of ambrosia.
You are more confused.
You feel invigorated. Something hits you.
* * * LOW HITPOINT WARNING * * *
Something burns you.
* * * LOW HITPOINT WARNING * * *
You completely miss something.
You hear some strange, mumbled words.
Something tries to affect you, but you resist.
Something hits you!
You die...

# #..#.#.#..............# #.# #
######.#.#.#....###'##.##.###)#
.........#......# #.##.##.....#
.........###.##.#
#.##.##.....## .........#
#.##.# ##...........#
.........# #.##.#
###.##......##
#######.>###.##.# #.##........
....<......#.##'###
#.##......##
#......#.###.#.{@.# #.##......#
#......#...#.#....#
#.##'####'##
########...'.#....#
#......#.... # ###...###....#
#......#.... # #......##....#
#....<.#.... #
#......##....####......#.... #
#......##..............'.... #
#......#.........#.....#.... #
#......#.........#.....#....


There were no monsters in sight!

Vanquished Creatures
  Jessica (D:3)
  An orc wizard (D:3)
  3 adders
  A worm (D:3)
  2 dart slugs (D:3)
  2 orcs (D:3)
  5 endoplasms
  4 giant cockroaches
  3 goblins
  5 hobgoblins
  4 jackals (D:1)
  2 kobolds (D:1)
  5 ball pythons
  4 bats
  A frilled lizard (D:3)
  4 rats
47 creatures vanquished.

Vanquished Creatures (others)
  An orc wizard (D:3)
1 creature vanquished.

Grand Total: 48 creatures vanquished

Notes
Turn   | Place    | Note
-------+----------+-------------------------------------------
     0 | D:1      | Deminshera the Hill Orc Wanderer began the quest for the
                  | Orb.
     0 | D:1      | Deminshera set off with the following items: a +0 club, a
                  | potion of curing, a +0 leather armour, a potion of
                  | attraction; and the following spell memorised: Pain; and
                  | the following spells available to memorise: Sublimation of
                  | Blood, Animate Dead
     0 | D:1      | Reached XP level 1. HP: 18/18 MP: 3/3
   133 | D:1      | Found a faded altar of an unknown god.
   445 | D:1      | Reached XP level 2. HP: 13/25 MP: 0/4
  1424 | D:2      | Reached XP level 3. HP: 29/30 MP: 3/5
  1762 | D:2      | Identified the +2 leather armour of Amelioration {Fly rN+
                  | Int+4}
  1934 | D:2      | Found Kouhemusk's Antique Weapon Shoppe.
  1953 | D:2      | Found Firhat's Jewellery Boutique.
  2226 | D:2      | Found an iron altar of Okawaru.
  2271 | D:2      | Found Qeredun's Weapon Shoppe.
  2516 | D:3      | Noticed Jessica
  2519 | D:3      | Killed Jessica
  2520 | D:3      | Reached XP level 4. HP: 37/38 MP: 5/7
  3480 | D:3      | Reached XP level 5. HP: 32/46 MP: 5/8
  3927 | D:3      | Noticed Sigmund
  3950 | D:3      | HP: 2/46 [something (1)]
  3955 | D:3      | Slain by Sigmund

Illustrated notes

Levels and vault maps discovered:
D:1:      minmay_arrival_four_houses, layout_basic,
          dreamdust_ecumenical_altar_grove, minmay_split_cup_small
D:2:      layout_loops_ring, serial_shops, shop, nicolae_shop_statue_plus, shop,
          basic_altar
D:3:      layout_basic, uniq_jessica, uniq_sigmund

Skill      XL: |  1  2  3  4  5 |
---------------+----------------+-----
Fighting       | 3 4 |  4.0
Spellcasting   | 2 |  2.0
Armour         | 2 |  2.0
Dodging        | 2 |  2.0
Necromancy     | 4 |  4.0
Unarmed Combat | |  1.1

Action                   |  1- 3 |  4- 6 || total
-------------------------+-------+-------++-------
Melee: Club              |    13 |       ||    13
       Short sword       |    25 |    46 ||    71
 Cast: Pain              |    50 |    37 ||    87
  Use: Potion            |       |     3 ||     3
Armor: Leather armour    |    28 |    30 ||    58
       Skin              |       |    13 ||    13
Dodge: Dodged            |    59 |    17 ||    76

Table legend: (Time is in decaauts)
 A = Elapsed time spent in this place.
 B = Non-inter-level travel time spent in this place.
 C = Inter-level travel time spent in this place.
 D = Time resting spent in this place.
 E = Time spent auto-exploring this place.
 F = Levels seen in this place.
 G = Mean time per level.
                   A        B        C        D        E       F      G
               +--------+--------+--------+--------+--------+-----+--------+
         Total |   3966 |   3940 |     26 |   1428 |   2082 |   3 | 1322.0 |
       Dungeon |   3966 |   3940 |     26 |   1428 |   2082 |   3 | 1322.0 |
               +--------+--------+--------+--------+--------+-----+--------+

Top non-repeatable levels by time:
     D:3: 1520 daAuts
     D:1: 1422 daAuts
     D:2: 1023 daAuts
